 Dungeon Crawl Stone Soup version 0.28.0-53-g5a82cb258f (webtiles) character file.

Game seed: 11241079297914425072

598 Neuros91 the Shield-Bearer (level 7, -11/55 HPs)
             Began as a Human Fighter on June 15, 2022.
             Mangled by an ogre
             ... wielding a +0 giant club
              (28 damage)
             ... on level 4 of the Dungeon.
             The game lasted 00:17:21 (3568 turns).

Neuros91 the Shield-Bearer (Human Fighter)          Turns: 3568, Time: 00:17:21

Health: -11/55     AC:  9    Str: 18    XL:     7   Next: 68%
Magic:  16/16      EV: 10    Int:  8    God:
Gold:   181        SH: 11    Dex: 13    Spells: 5/6 levels left

rFire   . . .      SeeInvis .   a - +2 war axe
rCold   . . .      Faith    .   c - +1 buckler
rNeg    . . .      Spirit   .   p - +2 ring mail of Paugri {Will- MP+9 Stlth+}
rPois   .          Reflect  +   f - +0 helmet
rElec   .          Harm     .   (no cloak)
rCorr   .          Rampage  .   (no gloves)
Will    .....                   (no boots)
Stlth   ++........              e - amulet of reflection
HPRegen 0.18/turn               (no ring)
MPRegen 0.15/turn               (no ring)

@: no status effects
A: no striking features
a: no special abilities


You were on level 4 of the Dungeon.
You visited 1 branch of the dungeon, and saw 4 of its levels.

You collected 181 gold pieces.

Inventory:

Hand Weapons
 a - a +2 war axe (weapon)
 d - a +0 dagger of draining
Missiles
 g - 7 poisoned darts (quivered)
Armour
 c - a +1 buckler (worn)
 f - a +0 helmet (worn)
 p - the +2 ring mail of Paugri (worn) {Will- MP+9 Stlth+}
   (You found it on level 3 of the Dungeon)

   MP:        It affects your magic capacity (+9).
   Will:      It decreases your willpower.
   Stlth:     It makes you more stealthy.
Jewellery
 e - an amulet of reflection (around neck)
 i - an amulet of faith
Potions
 b - a potion of heal wounds
 h - 3 potions of flight
 j - a potion of degeneration {unknown}
 k - a potion of lignification
 l - a potion of resistance {unknown}
 m - a potion of invisibility {unknown}
 n - a potion of curing {unknown}
 o - a potion of haste {unknown}


   Skills:
 + Level 4.8 Fighting
 + Level 4.2 Axes
 + Level 4.8 Armour
 + Level 4.8 Shields


You had 5 spell levels left.
You knew the following spells:

 Your Spells              Type           Power      Damage    Failure   Level
a - Foxfire               Conj/Fire      0%         2x1d4     67%         1

Your spell library contained the following spells:

 Spells                   Type           Power      Damage    Failure   Level
 Conjure Flame            Conj/Fire      0%         6-21      96%         3
 Inner Flame              Hex/Fire       0%         N/A       96%         3
 Flame Wave               Conj/Fire      0%         2d4       100%        4


Dungeon Overview and Level Annotations

Branches:
Dungeon (4/15)
 Temple: D:4-7

Altars:

Shops:
D:3 ([(   D:4 *


Message History

You block the ogre's attack.
You slash the ogre!
The ogre is severely wounded.
The ogre barely misses you.
You hit the ogre.
The ogre is severely wounded.
You block the ogre's attack. The ogre hits you with a +0 giant club!
You barely miss the ogre.
The ogre is severely wounded.
You block the ogre's attack.
You barely miss the ogre.
The ogre is severely wounded.
The ogre hits you with a +0 giant club!!
* * * LOW HITPOINT WARNING * * *
You slash the ogre!
You kill the ogre!
You hit the ball python.
You kill the ball python!
The adder closely misses you.
You closely miss the adder. The adder barely misses you.
The adder bites you but does no damage.
You closely miss the adder. You block the adder's attack.
The adder closely misses you.
You slash the adder!
The adder is almost dead.
You block the adder's attack. The adder misses you.
You slash the adder!
You kill the adder!
You start resting.
An ogre comes into view. It is wielding a +0 giant club.
You start resting.
An ogre is nearby!
The ogre shouts!
The ogre hits you with a +0 giant club!
* * * LOW HITPOINT WARNING * * *
You barely miss the ogre. You block the ogre's attack.
You barely miss the ogre.
The ogre hits you with a +0 giant club!!
Ouch! That really hurt!
You die...

......#O.....#####.#
......)..........#.#### ##
#......###......#######.
#.####.................. #
#.##..######....#####...
#...##..#### #.....## #...
###..###.|...###......# #...
.....###...........#..###...
...........@O......#...##...
............................
............................
..............(....#....#...
.......)#..#.#...#......#..(
.......)...........#........
.....####.........#######...
.##......#.#.......## #...
##.....รท..........# ##..


You could see an ogre.

Vanquished Creatures
  A necrophage (D:3)
  2 ogres (D:4)
  A phantom (D:4)
  A water moccasin skeleton (D:4)
  2 hounds
  An iguana (D:2)
  Robin (D:2)
  4 adders
  An ufetubus (D:4)
  2 worms
  An orc (D:4)
  9 ball pythons
  5 bats
  11 endoplasms
  2 giant cockroaches
  17 goblins
  A hobgoblin (D:3)
  3 jackals (D:4)
  3 quokkas
  7 frilled lizards
  5 kobolds
  2 rats
82 creatures vanquished.

Notes
Turn   | Place    | Note
-------+----------+-------------------------------------------
     0 | D:1      | Neuros91 the Human Fighter began the quest for the Orb.
     0 | D:1      | Reached XP level 1. HP: 18/18 MP: 1/1
   123 | D:1      | Reached XP level 2. HP: 18/24 MP: 2/2
   631 | D:1      | Reached XP level 3. HP: 28/29 MP: 3/3
   945 | D:2      | Reached XP level 4. HP: 5/35 MP: 4/4
  1566 | D:2      | Noticed Robin
  1580 | D:2      | Killed Robin
  1588 | D:2      | Reached XP level 5. HP: 10/42 MP: 5/5
  2130 | D:3      | Found Honiu's Armour Emporium.
  2134 | D:3      | Found Enenlarr's Weapon Shoppe.
  2183 | D:3      | Found Zaoteil's Weapon Boutique.
  2472 | D:3      | Noticed a necrophage
  2485 | D:3      | Killed a necrophage
  2486 | D:3      | Reached XP level 6. HP: 34/48 MP: 6/6
  2807 | D:3      | Identified the +2 ring mail of Paugri {Will- MP+9 Stlth+}
  2900 | D:3      | Learned a level 1 spell: Foxfire
  2946 | D:4      | Found Coeduib's Gadget Gallery.
  3105 | D:4      | Noticed an ogre
  3117 | D:4      | Killed an ogre
  3118 | D:4      | Reached XP level 7. HP: 6/55 MP: 7/7
  3568 | D:4      | Mangled by an ogre

Illustrated notes

Levels and vault maps discovered:
D:1:      grunt_arrival_crossed_arrows, layout_basic
D:2:      layout_rooms, uniq_robin
D:3:      layout_rooms, serial_shops, shop, shop, nicolae_shop_trees,
          minmay_increasing_density
D:4:      layout_rooms, nicolae_shop_gadgets

Skill      XL: |  1  2  3  4  5  6  7 |
---------------+----------------------+-----
Axes           | 3 4 |  4.2
Fighting       | 4 |  4.8
Armour         | 4 |  4.8
Shields        | 4 |  4.8

Action                   |  1- 3 |  4- 6 |  7- 9 || total
-------------------------+-------+-------+-------++-------
Melee: War axe           |    46 |   142 |    34 ||   222
  Use: Scroll            |       |     7 |     1 ||     8
       Potion            |       |     2 |       ||     2
Armor: Scale mail        |    30 |    55 |       ||    85
       Ring mail         |       |    18 |     3 ||    21
       Skin              |       |     6 |     7 ||    13
Dodge: Dodged            |    21 |    50 |     9 ||    80
Block: Buckler           |     6 |    94 |    20 ||   120
       Reflection        |       |     1 |       ||     1
